 Dungeon Crawl Stone Soup version 0.27.1-33-g824d729ab1 (webtiles) character file.

Game seed: 8610049172663213372

42400 bellerephron the Cleaver (level 13, -1/154 HPs)
             Began as a Demonspawn Berserker on Nov 27, 2021.
             Was an Elder of Trog.
             Slain by a cane toad (15 damage)
             ... on level 5 of the Lair of Beasts.
             The game lasted 00:41:32 (22351 turns).

bellerephron the Cleaver (Demonspawn Berserker)    Turns: 22351, Time: 00:41:32

Health: -1/154     AC: 16    Str: 21    XL:     13   Next: 85%
Magic:  22/22      EV: 14    Int:  9    God:    Trog [****..]
Gold:   692        SH:  0    Dex: 18    Spells: 12/12 levels left

rFire    + . .     SeeInvis .   b - +0 war axe
rCold    . . .     Faith    .   (no shield)
rNeg     . . .     Spirit   .   G - +0 swamp dragon scales
rPois    +         Reflect  .   n - +0 helmet of the Vestibule of Hell {+Blink rF+ Dex+4}
rElec    .         Harm     .   N - +0 cloak
rCorr    .         Rampage  .   U - +0 pair of gloves
Will     .....                  (no boots)
Stlth    ..........             Z - amulet of the acrobat
HPRegen  0.35/turn              V - ring of magical power
MPRegen  0.18/turn              (no ring)

@: berserking, very quick
A: talons 2, thin metallic scales 2, demonic guardian 3
a: Renounce Religion, Evoke Blink, Berserk, Trog's Hand, Brothers in Arms


You were on level 5 of the Lair of Beasts.
You worshipped Trog.
Trog was greatly pleased with you.
You visited 3 branches of the dungeon, and saw 17 of its levels.
You also visited: Sewer and Ossuary.

You collected 728 gold pieces.
You spent 36 gold pieces at shops.

Inventory:

Hand Weapons
 b - a +0 war axe (weapon)
 v - a +2 antimagic battleaxe
 I - a +2 whip of freezing
 S - a +4 battleaxe
Missiles
 f - 573 stones
 i - 7 boomerangs of dispersal
 j - 57 poisoned darts (quivered)
 H - 4 silver boomerangs
 R - 4 throwing nets
 X - 17 javelins
Armour
 n - the +0 helmet of the Vestibule of Hell (worn) {+Blink rF+ Dex+4}
   (You took it off Robin on level 3 of the Dungeon)

   Dex:       It affects your dexterity (+4).
   rF:        It protects you from fire.
   +Blink:    It lets you blink.
 D - the +2 hood of the Assassin {Detection Stab+ Stlth++}
   (You found it on level 6 of the Dungeon)

   It allows the wearer to sense nearby creatures.
   It allows the wearer to make particularly effective stabbing attacks against
   helpless or unaware enemies with any weapon.
   Stlth:     It makes you much more stealthy.
 G - +0 swamp dragon scales (worn)
 J - a +0 plate armour
 K - +0 steam dragon scales
 N - a +0 cloak (worn)
 O - a +2 chain mail of fire resistance
 U - a +0 pair of gloves (worn)
Jewellery
 c - a ring of fire
 e - a ring of see invisible
 V - a ring of magical power (left hand)
 Z - an amulet of the acrobat (around neck)
Wands
 y - a wand of acid (21)
 E - a wand of iceblast (6)
 F - a wand of flame (17)
 P - a wand of polymorph (7)
 Q - a wand of charming (9)
Scrolls
 d - 2 scrolls of enchant weapon
 g - 5 scrolls of vulnerability
 l - 3 scrolls of immolation
 q - 9 scrolls of teleportation
 r - a scroll of magic mapping
 u - 2 scrolls of enchant armour
 C - 3 scrolls of fog
 T - 3 scrolls of blinking
 W - a scroll of silence {unknown}
 Y - a scroll of torment {unknown}
Potions
 h - 7 potions of ambrosia
 k - 7 potions of might
 m - 4 potions of lignification
 o - 4 potions of curing
 p - 2 potions of cancellation {unknown}
 s - 2 potions of resistance {unknown}
 t - 3 potions of haste
 w - a potion of invisibility
 x - 2 potions of mutation {unknown}
 z - 3 potions of magic
 A - 2 potions of brilliance {unknown}
 B - a potion of flight {unknown}
 L - 3 potions of berserk rage
 M - 4 potions of degeneration {unknown}
Miscellaneous
 a - a phantom mirror


   Skills:
 + Level 10.2 Fighting
 + Level 14.9 Axes
 + Level 5.3 Throwing
 + Level 7.9 Armour
 + Level 6.5 Dodging
 * Level 8.7 Evocations


You had 12 spell levels left.
You didn't know any spells.
Your spell library contained the following spells:

 Spells                   Type           Power      Damage    Failure   Level
 Dazzling Flash           Conj/Hex       0%         N/A       88%         3
 Agony                    Necr           0%         N/A       100%        5
 Silence                  Hex/Air        0%         N/A       100%        5


Dungeon Overview and Level Annotations

Branches:
Dungeon (11/15)            Temple (1/1) D:4            Lair (5/6) D:9
 Shoals (0/4) Lair:2        Snake (0/4) Lair:3          Orc (0/2) D:10
  Sewer (visited)         Ossuary (visited)
  Slime: Lair:5-6

Altars:
Ashenzari
Cheibriados
Dithmenos
Elyvilon
Fedhas
Gozag
Hepliaklqana
Kikubaaqudgha
Makhleb
Nemelex Xobeh
Okawaru
Qazlal
Ru
Sif Muna
Trog
Uskayaw
Vehumet
Wu Jian
Xom
Yredelemnul
Zin
The Shining One

Shops:
D:4 *

Portals:
Trove: D:11 (give 5 scrolls of fog)

Annotations:
D:7 2 transporters, bearlyready's ghost, novice SpBr
Lair:4 2 transporters, IBeShadow's ghost, journeyman FeDe


Innate Abilities, Weirdness & Mutations

You have razor-sharp toenails.
You are mostly covered in thin metallic scales. (AC +3)
A powerful demonic guardian rushes to your aid.


Message History

Unknown command.
You slash the cane toad!
You kill the cane toad!
Trog accepts your kill.
You slash the cane toad! You hit the plant. You slash the cane toad!
A nearby plant withers and dies.
The cane toad stings you but does no damage.
The cane toad barely misses you. The cane toad completely misses you.
The cane toad barely misses you.
You see here a cane toad corpse.
Unknown command.
Unknown command.
You hit the cane toad.
You claw the cane toad, but do no damage.
The cane toad is heavily wounded.
You barely miss the cane toad. The cane toad stings you!
The cane toad stings you!!
A demonic guardian appears!
You are poisoned.
The cane toad poisons you!
You hit the cane toad. Your kick misses the cane toad.
The cane toad is severely wounded.
You barely miss the cane toad.
You feel very sick. The cane toad stings you!!
* * * LOW HITPOINT WARNING * * *
The cane toad closely misses you.
Unknown command.
You feel better.
A bullfrog comes into view.
The cane toad stings you!
* * * LOW HITPOINT WARNING * * *
The cane toad stings you but does no damage.
A red film seems to cover your vision as you go berserk!
You feel yourself moving faster!
You feel mighty!
Your sixfirhy hits the cane toad.
Your sixfirhy shocks the cane toad!
The cane toad stings you.
* * * LOW HITPOINT WARNING * * *
Your sixfirhy barely misses the cane toad.
The cane toad stings you!
You die...

##...P≈≈≈≈≈P.≈≈.
##...≈≈≈≈≈≈....#
#.....≈≈≈≈≈≈..^#
##....F≈≈≈≈≈≈..≈
##....P≈≈≈≈≈≈.≈≈
.########....†..≈≈≈≈≈.≈≈
#.....P#.#.......≈≈≈≈.≈≈
...............3F.≈≈≈.≈≈
....PP.###...##.@.###.#
.....#.#######..F.#
.....P..#..# ##...#
...........####...#
............##....###+#
.............#.........
.......................
...............#...###.
...............#####


You could see 2 cane toads, a bullfrog and a friendly sixfirhy (summoned).

Vanquished Creatures
  Harold (Lair:2)
  Fannar (D:11)
  A boulder beetle (Lair:3)
  3 two-headed ogres
  3 death yaks (Lair:4)
  Pikel (D:7)
  7 elephants (Lair:4)
  7 black mambas
  A merfolk siren (Lair:2)
  A gargoyle (D:10)
  4 cane toads
  An unseen horror (D:11)
  Maggie (D:7)
  A torpor snail (Lair:4)
  10 komodo dragons
  A rime drake (Lair:4)
  3 kobold demonologists (D:9)
  A polar bear (Lair:4)
  3 merfolk (Lair:2)
  A troll (D:11)
  14 blink frogs
  Prince Ribbit (D:6)
  2 shadows
  A wraith (D:11)
  32 yaks
  2 basilisks
  2 wyverns
  A steam dragon (D:7)
  Menkaure (D:6)
  22 water moccasins
  6 orc warriors
  A sky beast (D:7)
  2 black bears
  An ogre (D:5)
  A necrophage (D:6)
  9 wolves
  4 centaurs
  A phantom (D:4)
  2 kobold brigands (Sewer)
  6 bullfrogs
  A gnoll sergeant (D:11)
  5 water moccasin zombies (Ossuary)
  8 wights (D:8)
  35 killer bees
  3 howler monkeys (D:11)
  2 electric eels (Lair:2)
  A crimson imp (D:11)
  3 centaur zombies
  3 hounds
  A bullfrog zombie (D:6)
  A bullfrog skeleton (D:7)
  A gnoll shaman (D:7)
  8 orc priests
  3 iguanas
  10 orc wizards
  2 hound skeletons
  A hound zombie (D:5)
  Robin (D:3)
  3 mummies
  14 gnolls
  10 adders
  3 river rats
  A shadow imp (D:6)
  A white imp (D:6)
  An ufetubus (D:7)
  7 adder zombies (Ossuary)
  3 worms
  A dart slug (D:5)
  24 orcs
  6 bats
  9 endoplasms
  7 giant cockroaches
  16 goblins
  11 hobgoblins
  2 quokkas
  5 ball pythons
  3 frilled lizards
  3 gnoll zombies (Ossuary)
  9 hobgoblin zombies
  25 kobolds
  5 kobold zombies (Ossuary)
  2 orc zombies (Ossuary)
  26 rats
449 creatures vanquished.

Vanquished Creatures (collateral kills)
  5 hydras
  A wizard (D:11)
  5 elephants (Lair:4)
  A black mamba (Lair:3)
  3 komodo dragons
  A queen bee (Lair:2)
  A troll (D:10)
  2 blink frogs (Lair:2)
  A wraith (D:11)
  3 yaks
  2 wargs (D:9)
  2 water moccasins
  A black bear (D:6)
  An orc warrior (D:9)
  A centaur (D:10)
  A wolf (Lair:2)
  Blork the orc (D:6)
  2 kobold brigands
  A bullfrog (Lair:4)
  A gnoll sergeant (D:10)
  A scorpion (D:5)
  A killer bee (Lair:2)
  3 centaur zombies
  A centaur skeleton (D:4)
  An orc wizard (D:6)
  3 gnolls (D:10)
  An adder (D:4)
  A goblin zombie (D:6)
  2 kobolds
50 creatures vanquished.

Vanquished Creatures (others)
  27 fungi
  29 plants
56 creatures vanquished.

Grand Total: 555 creatures vanquished

Notes
Turn   | Place    | Note
-------+----------+-------------------------------------------
     0 | D:1      | bellerephron the Demonspawn Berserker began the quest for
                  | the Orb.
     0 | D:1      | Reached XP level 1. HP: 18/18 MP: 1/1
   227 | D:1      | Reached skill level 3 in Axes
   340 | D:1      | Gained mutation: You are partially covered in thin metallic
                  | scales. (AC +2) [demonic ancestry]
   340 | D:1      | Reached XP level 2. HP: 19/24 MP: 2/2
  1305 | D:2      | Gained mutation: You are mostly covered in thin metallic
                  | scales. (AC +3) [demonic ancestry]
  1305 | D:2      | Reached XP level 3. HP: 29/29 MP: 3/3
  1309 | D:2      | Reached ** piety under Trog
  1760 | D:2      | Reached skill level 4 in Axes
  1770 | D:2      | Gained mutation: You have sharp toenails. [demonic
                  | ancestry]
  1770 | D:2      | Reached XP level 4. HP: 28/35 MP: 4/4
  1959 | D:3      | Identified the +0 helmet of the Vestibule of Hell {+Blink
                  | rF+ Dex+4}
  1959 | D:3      | Noticed Robin
  1972 | D:3      | Killed Robin
  2577 | D:3      | Reached XP level 5. HP: 36/41 MP: 5/5
  3023 | D:4      | Found a glowing drain.
  3030 | Sewer    | Entered a sewer
  3055 | Sewer    | Reached skill level 5 in Axes
  3083 | Sewer    | Gained mutation: A weak demonic guardian rushes to your
                  | aid. [demonic ancestry]
  3083 | Sewer    | Reached XP level 6. HP: 47/47 MP: 6/6
  3166 | Sewer    | Reached *** piety under Trog
  3747 | D:4      | Reached skill level 6 in Axes
  3889 | D:4      | Reached **** piety under Trog
  3894 | D:4      | Found Cynan's Commerce Corner.
  3903 | D:4      | Bought a potion of curing for 36 gold pieces
  3938 | D:4      | Gained mutation: You have razor-sharp toenails. [demonic
                  | ancestry]
  3938 | D:4      | Reached XP level 7. HP: 54/54 MP: 7/7
  3970 | D:4      | Found a staircase to the Ecumenical Temple.
  3987 | Temple   | Entered the Ecumenical Temple
  4421 | D:4      | Noticed a +0 dagger
  4421 | D:4      | Noticed a +0 spear
  4421 | D:4      | Noticed a +0 short sword
  4424 | D:4      | Noticed a +0 dagger
  4424 | D:4      | Noticed a +0 falchion
  4424 | D:4      | Noticed a +0 spear
  4426 | D:4      | Noticed a +0 short sword
  4426 | D:4      | Noticed a +0 falchion
  4429 | D:4      | Found a hide-covered altar of Uskayaw.
  4643 | D:5      | Entered Level 5 of the Dungeon
  4754 | D:5      | Reached skill level 7 in Axes
  5228 | D:5      | Reached XP level 8. HP: 55/61 MP: 8/8
  5303 | D:5      | Reached skill level 1 in Throwing
  5612 | D:6      | Reached skill level 8 in Axes
  5612 | D:6      | Noticed Blork the orc
  5617 | D:6      | Killed Blork the orc
  5655 | D:6      | Found a sand-covered staircase.
  5664 | Ossuary  | Entered an ossuary
  5858 | Ossuary  | Reached skill level 9 in Axes
  5858 | Ossuary  | Reached ***** piety under Trog
  5969 | D:6      | Noticed Prince Ribbit
  5993 | D:6      | Reached XP level 9. HP: 67/67 MP: 9/9
  5997 | D:6      | Reached skill level 5 in Fighting
  6075 | D:6      | Found the +2 hood of the Assassin {Detection Stab+ Stlth++}
  6174 | D:6      | Killed Prince Ribbit
  6175 | D:6      | Reached skill level 10 in Axes
  6447 | D:6      | Noticed Menkaure
  6451 | D:6      | Killed Menkaure
  7151 | D:7      | Noticed Maggie
  7163 | D:7      | Killed Maggie
  7331 | D:7      | Reached skill level 11 in Axes
  7408 | D:7      | Found a basalt altar of Yredelemnul.
  7412 | D:7      | Noticed Pikel
  7430 | D:7      | Killed Pikel
  7431 | D:7      | Gained mutation: A demonic guardian rushes to your aid.
                  | [demonic ancestry]
  7431 | D:7      | Reached XP level 10. HP: 76/76 MP: 10/10
  7721 | D:7      | Found a transporter.
  7721 | D:7      | Noticed bearlyready's ghost (novice SpBr)
  7723 | D:7      | Noticed a two-headed ogre
  7781 | D:7      | Found a transporter.
  8353 | D:8      | Reached skill level 5 in Armour
  8848 | D:8      | Noticed a two-headed ogre
  8852 | D:8      | Killed a two-headed ogre
  8853 | D:8      | Reached skill level 1 in Evocations
  9434 | D:9      | Reached skill level 12 in Axes
  9461 | D:9      | Noticed a sixfirhy
  9477 | D:10     | Entered Level 10 of the Dungeon
  9785 | D:9      | Received a gift from Trog
  9934 | D:9      | Noticed a two-headed ogre
  9937 | D:9      | Reached XP level 11. HP: 69/83 MP: 11/11
  9942 | D:9      | Killed a two-headed ogre
 10534 | D:9      | Found a staircase to the Lair.
 10614 | D:9      | Found a hazy altar of Hepliaklqana.
 11285 | D:10     | Found a staircase to the Orcish Mines.
 12253 | D:11     | Noticed a two-headed ogre
 12269 | D:11     | Killed a two-headed ogre
 12511 | D:11     | Noticed Fannar
 12533 | D:11     | Killed Fannar
 12534 | D:11     | Reached skill level 13 in Axes
 13027 | D:11     | Noticed a five-headed hydra
 13040 | D:11     | Killed a six-headed hydra
 13041 | D:11     | Reached skill level 5 in Evocations
 13116 | D:11     | Noticed a wizard
 13124 | D:11     | Killed a wizard
 13360 | D:11     | Identified the +7 rapier of the Boiling Point {vorpal,
                  | *Corrode Int+5 Stlth+}
 13479 | D:11     | Found a portal to a secret trove of treasure.
 13786 | Lair:1   | Entered Level 1 of the Lair of Beasts
 13867 | Lair:1   | Gained mutation: A powerful demonic guardian rushes to your
                  | aid. [demonic ancestry]
 13867 | Lair:1   | Reached XP level 12. HP: 35/92 MP: 12/12
 14402 | Lair:1   | Identified the +6 flail of Profit {spect, rF+ Int+3}
 15514 | Lair:2   | Reached skill level 5 in Dodging
 16132 | Lair:2   | Noticed Harold
 16168 | Lair:2   | Killed Harold
 16417 | Lair:2   | Found a shimmering altar of Xom.
 16489 | Lair:2   | Found a staircase to the Shoals.
 16881 | Lair:2   | Reached skill level 14 in Axes
 17487 | Lair:3   | Noticed an eight-headed hydra
 17498 | Lair:3   | Killed a 13-headed hydra
 17521 | Lair:3   | Noticed a boulder beetle
 17638 | Lair:3   | Killed a boulder beetle
 18025 | Lair:3   | Identified the +1 leather armour of Refuge {Contam rElec
                  | Int+7 Dex+4}
 18104 | Lair:3   | Found a staircase to the Snake Pit.
 18125 | Lair:3   | Reached XP level 13. HP: 46/101 MP: 13/13
 19110 | Lair:3   | You fall into a shaft and drop 1 floor!
 20451 | Lair:4   | Reached skill level 5 in Throwing
 20468 | Lair:4   | Reached skill level 10 in Fighting
 22070 | Lair:4   | Found a transporter.
 22074 | Lair:4   | Noticed IBeShadow's ghost (journeyman FeDe)
 22075 | Lair:4   | Found a bloodstained altar of Trog.
 22088 | Lair:4   | Found a transporter.
 22351 | Lair:5   | Slain by a cane toad

Illustrated notes

Levels and vault maps discovered:
D:1:      scummos_arrival_forest, layout_basic
D:2:      layout_loops_ring, ebering_dispersal_statue_hall
D:3:      layout_loops_corners, uniq_robin
D:4:      layout_cave_pools, nicolae_uskayaw_en_pointe,
          minmay_temple_entry_slanted, lightli_sewer_entry_pipes,
          nicolae_alphabet_shops
D:5:      layout_loops_ring
D:6:      layout_loops_ring, nicolae_ossuary_entry_giza, uniq_prince_ribbit1,
          uniq_menkaure, uniq_blork_the_orc
D:7:      layout_loops_ring, mainiacjoe_overflow_concentric_impassable,
          gammafunk_ghost_smash, uniq_maggie, uniq_pikel
D:8:      layout_basic
D:9:      layout_roguey, old_standard_altar, nicolae_overflow_crystal_walls,
          erik_lair_orcish_takeover
D:10:     layout_basic, orc_0_dummy
D:11:     layout_basic, serial_rivers, chequers_serial_rivers_micro_b,
          chequers_serial_rivers_marsh, chequers_serial_rivers_marsh,
          chequers_serial_rivers_small_3, chequers_serial_rivers_micro_d,
          nicolae_trove_entry_columns, lightli_wizard_tower, uniq_fannar
Temple:   eino_narrow_crystal_temple
Lair:1:   layout_roguey
Lair:2:   layout_gridlike, elwin_shoals_entry_stream, basic_altar, special_room
          [special_room_bee], uniq_harold
Lair:3:   layout_hall_layers, minmay_snake_entry_six_corridors,
          ebering_ghost_rock_garden, grunt_megastairs_2,
          infiniplex_staircase_pool_2
Lair:4:   layout_regular_city, gammafunk_ghost_wrathful_warriors,
          beast_lair_carwin_7, grunt_megastairs_3
Lair:5:   cheibrodos_lair_river_kwai, layout_cave_shapes, grunt_megastairs_5

Skill      XL: |  1  2  3  4  5  6  7  8  9 10 11 12 13 |
---------------+----------------------------------------+-----
Axes           | 3 4 5 6 7 9 11 12 13 14 | 14.9
Armour         | 2 3 4 6 7 |  7.9
Dodging        | 2 3 4 5 6 |  6.5
Fighting       | 4 5 6 8 9 10 | 10.2
Throwing       | 1 2 3 4 5 |  5.3
Evocations     | 3 5 7 8 |  8.7

Action                   |  1- 3 |  4- 6 |  7- 9 | 10-12 | 13-15 || total
-------------------------+-------+-------+-------+-------+-------++-------
Melee: Hand axe          |   109 |    55 |       |       |       ||   164
       Kick              |       |    40 |   121 |   282 |   181 ||   624
       War axe           |       |   118 |   285 |   754 |   354 ||  1511
Throw: Dart              |     6 |       |    21 |    63 |    58 ||   148
       Stone             |       |     4 |       |       |       ||     4
       Javelin           |       |       |       |     4 |       ||     4
Invok: Berserk           |       |     4 |     9 |    18 |     4 ||    35
       Trog's Hand       |       |     1 |     2 |     6 |       ||     9
       Brothers in Arms  |       |       |     1 |     5 |     4 ||    10
Evoke: Wand              |       |       |       |    13 |     3 ||    16
       Phantom mirror    |       |       |       |       |     1 ||     1
  Use: Scroll            |       |     6 |     3 |     7 |     3 ||    19
       Potion            |       |       |       |     5 |     1 ||     6
 Stab: Invisible         |       |       |       |     1 |       ||     1
Armor: Animal skin       |    22 |       |       |       |       ||    22
       Ring mail         |    29 |     9 |       |       |       ||    38
       Chain mail        |       |   121 |   149 |       |       ||   270
       Swamp dragon scal |       |       |     8 |   325 |   131 ||   464
Dodge: Dodged            |    64 |    64 |   105 |   509 |   250 ||   992
